 Dungeon Crawl Stone Soup version 0.30.0-5-g1a98f26d00 (webtiles) character file.

Game seed: 10551777856397629332

63 monsoonserge the Ducker (level 4, -1/37 HPs)
             Began as a Merfolk Monk on May 12, 2023.
             Slain by a gnoll
             ... wielding a +0 whip of flaming
              (2 damage)
             ... on level 2 of the Dungeon.
             The game lasted 00:04:49 (1448 turns).

monsoonserge the Ducker (Merfolk Monk)              Turns: 1448, Time: 00:04:50

Health: -1/37      AC:  5    Str: 11    XL:     4   Next: 9%
Magic:  4/4        EV: 12    Int: 11    God:
Gold:   99         SH:  0    Dex: 16    Spells: 3/3 levels left

rFire   . . .        p - +2 quarterstaff (holy)
rCold   . . .        (shield currently unavailable)
rNeg    . . .        v - +0 ring mail
rPois   .            (no helmet)
rElec   .            (no cloak)
rCorr   .            (no gloves)
SInv    .            (no boots)
Will    .....        (no amulet)
Stlth   +            (no ring)
HPRegen 0.26/turn    (no ring)
MPRegen 0.09/turn

%: no passive effects
@: hasted, very quick
A: (nimble swimmer 2), mertail
a: no special abilities


You were on level 2 of the Dungeon.
You visited 1 branch of the dungeon, and saw 3 of its levels.

You collected 99 gold pieces.

Inventory:

Hand Weapons
 a - a +0 falchion
 n - a +0 rapier
 p - a +2 quarterstaff of holy wrath (weapon)
 u - a +0 sling
Missiles
 s - 6 poisoned darts (quivered)
Armour
 b - a +0 robe
 d - an orb of light
 v - a +0 ring mail (worn)
Jewellery
 o - a ring of fire
Scrolls
 e - a scroll of amnesia {unknown}
 f - a scroll of acquirement {unknown}
 h - a scroll of silence {unknown}
 l - a scroll of poison {unknown}
 m - 2 scrolls of fog {unknown}
 q - a scroll of enchant weapon {unknown}
 r - a scroll of vulnerability {unknown}
 t - a scroll of magic mapping {unknown}
Potions
 g - a potion of flight {unknown}
 i - a potion of might {unknown}
 j - a potion of haste
 k - a potion of resistance {unknown}


   Skills:
 + Level 3.8 Fighting
 + Level 0.6(2.7) Short Blades
 + Level 4.2(4.3) Long Blades
 - Level 0.4(1.0) Polearms
 + Level 0.7(0.8) Staves
 + Level 4.6 Dodging
 + Level 0.8 Stealth


You had 3 spell levels left.
You didn't know any spells.
Your spell library was empty.

Dungeon Overview and Level Annotations

Branches:
Dungeon (3/15)

Altars:
Makhleb


Innate Abilities, Weirdness & Mutations

((You are very nimble when in or above water. (Stealth+, EV+, Speed+++)))
Your lower body shifts to a powerful aquatic tail in water.


Message History

* * * LOW HITPOINT WARNING * * *
The gnoll closely misses you. The gnoll hits you with a +0 whip.
* * * LOW HITPOINT WARNING * * *
You sock the gnoll!
You kill the gnoll!
The gnoll barely misses you. The gnoll completely misses you.
The gnoll barely misses you. The gnoll closely misses you.
Training target 1.0 for Polearms reached!
You have reached level 4!
You bump into the rock wall.
The gnoll hits you with a +0 whip. The gnoll closely misses you.
You're too confused to move!
The gnoll closely misses you.
The gnoll hits you with a +0 whip of flaming.
The gnoll burns you.
Press: ? - help, v - describe, . - travel
Here: a gnoll, wielding a +0 whip The floor.
You bump into the rock wall.
The gnoll barely misses you.
The gnoll hits you with a +0 whip of flaming.
The gnoll burns you.
You hit the gnoll.
The gnoll is heavily wounded.
The gnoll hits you with a +0 whip. The gnoll closely misses you.
You hit the gnoll but do no damage.
The gnoll is heavily wounded.
The gnoll hits you but does no damage. The gnoll barely misses you.
You hit the gnoll.
The gnoll is heavily wounded.
You feel less invigorated.
You feel less confused. The gnoll barely misses you.
The gnoll hits you with a +0 whip!
The gnoll hits you with a +0 whip of flaming.
The gnoll burns you. The gnoll hits you with a +0 whip!
* * * LOW HITPOINT WARNING * * *
It was a potion of haste.
You feel yourself speed up. The gnoll barely misses you.
The gnoll hits you with a +0 whip of flaming.
* * * LOW HITPOINT WARNING * * *
The gnoll burns you.
You die...

# #.....#.#####.# # #......#..#
#.# # #..)..#.#.###.############
####.....#.#................#
.......###.#..##.#####....#.#####
###.#..._........................
###....##...####.##########.#####
.......#...(.###)# #.#
......#........g@# #.#
.##.#.#......###g# #.#
.##.#.#.#...####.# #.####
......#.##.......# #....#
#.......########.# ####.#
..#.#.### #.# #.# .^..#.##### #.#
#.# ....#.#...## #.# #.#
....#......#####.### #.#


You could see 2 gnolls.

Vanquished Creatures
  A gnoll (D:2)
  3 adders (D:2)
  2 endoplasms
  A giant cockroach (D:1)
  3 goblins
  5 hobgoblins
  2 jackals (D:2)
  3 kobolds
  A ball python (D:1)
  2 bats
  2 frilled lizards
  A rat (D:2)
26 creatures vanquished.

Notes
Turn   | Place    | Note
-------+----------+-------------------------------------------
     0 | D:1      | monsoonserge the Merfolk Monk began the quest for the Orb.
     0 | D:1      | Reached XP level 1. HP: 18/18 MP: 1/1
   393 | D:1      | Reached XP level 2. HP: 19/24 MP: 2/2
   787 | D:2      | Found a burning altar of Makhleb.
   840 | D:2      | Reached XP level 3. HP: 26/30 MP: 3/3
  1034 | D:2      | Found a faded altar of an unknown god.
  1442 | D:2      | Reached XP level 4. HP: 12/37 MP: 4/4
  1448 | D:2      | HP: 1/37 [gnoll/+0 whip of flaming (4)]
  1448 | D:2      | Slain by a gnoll

Illustrated notes

Levels and vault maps discovered:
D:1:      dreamdust_arrival_sigmund_warning, layout_loops_ring
D:2:      layout_loops_ring, basic_altar, basic_ecumenical_altar,
          minmay_hedge_maze
D:3:      layout_rooms, uniq_jessica, uniq_sigmund

Skill      XL: |  1  2 |
---------------+-------+-----
Long Blades    | 4 |  4.2
Fighting       | |  3.8
Short Blades   | |  0.6
Polearms       | |  0.4
Staves         | |  0.7
Dodging        | |  4.6
Stealth        | |  0.8

Action                     |  1- 3 |  4- 6 || total
---------------------------+-------+-------++-------
  Melee: Falchion          |    18 |       ||    18
         Rapier            |    18 |       ||    18
         Quarterstaff      |    44 |     3 ||    47
    Use: Potion            |     1 |     1 ||     2
 Armour: Robe              |    11 |       ||    11
         Ring mail         |     4 |     1 ||     5
  Dodge: Dodged            |    71 |     7 ||    78
